 Dungeon Crawl Stone Soup version 0.17.0-28-g6e173f8 (webtiles) character file.

38 coffecat the Ducker (level 3, 0/15 HPs)
             Began as a Felid Transmuter on Dec 4, 2015.
             Succumbed to poison (a potion of poison)
             ... on level 2 of the Dungeon.
             The game lasted 00:05:03 (1381 turns).

coffecat the Ducker (Felid Transmuter)              Turns: 1381, Time: 00:05:03

Health: 0/15       AC:  1    Str: 12      XL:     3   Next: 25%
Magic:  7/7        EV: 19    Int: 13 (14) God:
Gold:   54         SH:  0    Dex: 16      Spells: 1 memorised, 5 levels left
                                        Lives:  0   Deaths: 0

rFire  . . .     SeeInvis +       - Unarmed
rCold  . . .     Clarity  .     (armour unavailable)
rNeg   . . .     SustAt   .     (shield unavailable)
rPois  .         Gourm    .     (helmet unavailable)
rElec  .         Spirit   .     (cloak unavailable)
rCorr  .         Warding  .     (gloves unavailable)
rMut   .         Stasis   .     (boots unavailable)
MR     .....                    (no amulet)
Stlth  ++........               (no ring)
                                (no ring)

@: mighty, lethally poisoned (0 -> -17), appendage (expiring), quick, not
resistant to hostile enchantments, unstealthy
A: no armour, no weapons or thrown items, claws 1, fangs 3, horns 2, see
invisible, carnivore 3, speed 1, shaggy fur 1, slow metabolism 1, sharp paws
a: End Transformation


You were on level 2 of the Dungeon.
You were completely stuffed.
You had grown temporary horns.
You visited 1 branch of the dungeon, and saw 2 of its levels.

You collected 54 gold pieces.

Inventory:

Missiles
 a - 39 arrows
Scrolls
 e - 2 scrolls of remove curse {unknown}
 g - a scroll of teleportation {unknown}
 i - 2 scrolls of immolation {unknown}
 l - a scroll of enchant weapon {unknown}
Potions
 f - a potion of flight {unknown}
 k - a potion of brilliance {unknown}
Books
 b - a book of Changes

   Spells                             Type                      Level
   a - Beastly Appendage              Transmutation                1
   b - Sticks to Snakes               Transmutation                2
   c - Spider Form                    Transmutation/Poison         3
   d - Ice Form                       Ice/Transmutation            4
   e - Blade Hands                    Transmutation                5
Comestibles
 c - 2 meat rations
 m - a slice of pizza
 o - 2 chunks of flesh


   Skills:
 + Level 1.0 Fighting
 + Level 3.7 Dodging
 + Level 3.4 Unarmed Combat
 + Level 2.3 Spellcasting
 + Level 2.5 Transmutations


You had 5 spell levels left.
You knew the following spells:

 Your Spells              Type           Power        Failure   Level  Hunger
a - Beastly Appendage     Trmt           #.....       10%         1    #......


Dungeon Overview and Level Annotations

Branches:
Dungeon (2/15)

Altars:


Innate Abilities, Weirdness & Mutations

You cannot wear armour.
You are incapable of wielding weapons or throwing items.
You have sharp claws.
You have razor-sharp teeth.
You have supernaturally acute eyesight.
You are carnivorous and can eat meat at any time.
You cover ground quickly.
You are covered in fur (AC +1).
You have a slow metabolism.
Your sharp claws are effective at attacking unaware monsters.
You have a pair of horns on your head.


Message History

You feel sick. The adder closely misses you. The adder completely misses you.
You claw the adder!
You kill the adder!
The adder completely misses you.
Drink which item? (? for menu, Esc to quit)
It was a potion of poison.
That liquid tasted very nasty...
You are more poisoned.
* * * LOW HITPOINT WARNING * * *
You feel sick. The adder completely misses you.
The adder completely misses you.
Drink which item? (? for menu, Esc to quit)
It was a potion of magic.
Magic courses through your body.
* * * LOW HITPOINT WARNING * * *
You feel sick. The adder completely misses you.
Drink which item? (? for menu, Esc to quit)
It was a potion of degeneration.
There was something very wrong with that liquid.
You feel dopey.
Your transformation is almost over.
You die...

#...# #.#....#
#.#.# #.#..#.#
#.#.# #.#..#.#
......# #.#.#
#.##.#.### ......
#.#†#####....#...#
......# ..
#.#.#..÷.#######.#
#...... ..
#.hg..##.# ####.#
....#.# . .
###S#####.# #....#
#...#.#.##.#
#..@#.)...# #.####
#..>#.#...
#.###.########.#
#.........# #.#
#.# #....#
##.##.###.# #.#
#.# #.####
......###.# #.#
#.### #.#.#
##.#....#.# #.#
#...# #...#
##.#..#.#.#
#.#####.#####.#
##.#....#.#
#...>.......#.#
##.#....#.#
#........##.#.#


You could see an adder, a jackal and a goblin.

Vanquished Creatures
  An adder (D:2)
  2 worms (D:2)
  2 giant cockroaches
  2 goblins (D:1)
  3 hobgoblins (D:1)
  A jackal (D:2)
  5 bats
  2 giant newts (D:1)
  3 kobolds
  2 rats (D:1)
23 creatures vanquished.

Notes
Turn   | Place    | Note
--------------------------------------------------------------
     0 | D:1      | coffecat the Felid Transmuter began the quest for the Orb.
     0 | D:1      | Reached XP level 1. HP: 9/9 MP: 4/4
   237 | D:1      | Reached XP level 2. HP: 5/12 MP: 6/6
  1358 | D:2      | Reached XP level 3. HP: 11/15 MP: 5/7
  1381 | D:2      | Succumbed to poison (a potion of poison)

Action                   || total
-------------------------++-------
Melee: Unarmed           ||    86
 Cast: Beastly Appendage ||     7
  Use: Potion            ||     5
 Stab: Sleeping          ||     1
  Eat: Chunk             ||     8
